Map: Frozen Temple

Players

roof - Winner!

  • Race: Zerg Zerg
  • League: Grandmaster

Miszu

  • Race: Terran Terran
  • League: Master

VOD

Have the link to the VOD?

Description

Time

  • Played on: April 13, 2016, 2:41 p.m.
  • Length: 18:38
Show
View Real Time Build Order
Export as new Build Order

roof Zerg - Winner!

Build Orders: Pool First 

Get SALT Encoding   

  12  0:01  Drone  
  13  0:13  Overlord  
  13  0:18  Drone  
  14  0:31  Drone x2  
  16  0:35  Extractor  
  16  0:39  Drone  
  16  0:46  Spawning Pool  
  15  0:51  Drone  
  16  1:01  Drone  
  17  1:18  Hatchery  
  16  1:33  Zergling x6  
  16  1:36  Metabolic Boost  
  19  1:47  Queen  
  21  1:55  Overlord  
  21  1:59  Zergling x2  
  22  2:17  Zergling x2  
  22  2:19  Drone  
  24  2:23  Queen  
  26  2:33  Queen, Drone  
  26  2:35  Drone  
  30  2:41  Zergling x4  
  31  2:50  Zergling x2  
  31  3:04  Drone x5  
  36  3:13  Overlord  
  36  3:18  Overlord  
  36  3:23  Hatchery  
  35  3:37  Drone x6  
  35  3:40  Drone  
  42  3:53  Drone x4  
  46  3:57  Queen  
  48  4:05  Overlord  
  48  4:08  Overlord  
  48  4:09  Queen  
  50  4:13  Spore Crawler  
  50  4:15  Drone  
  50  4:18  Spore Crawler  
  50  4:23  Spore Crawler  
  48  4:31  Drone x2  
  50  4:32  Spore Crawler  
  50  4:33  Drone  
  50  4:35  Spore Crawler  
  50  4:37  Queen  
  50  4:43  Drone x2  
  50  4:44  Drone x2  
  54  4:58  Zergling x2  
  54  4:59  Zergling x2  
  56  5:03  Lair  
  56  5:06  Drone  
  56  5:07  Drone x7  
  64  5:15  Overlord  
  64  5:17  Extractor  
  64  5:19  Drone x2  
  64  5:20  Drone x3  
  68  5:26  Zergling x8  
  72  5:32  Zergling x4  
  72  5:35  Zergling x4  
  76  5:41  Spore Crawler  
  65  6:03  Drone x9  
  71  6:04  Overseer  
  71  6:05  Drone  
  71  6:11  Drone  
  72  6:19  Extractor x2  
  70  6:29  Overlord  
  70  6:44  Overlord  
  70  6:48  Drone x3  
  70  6:49  Drone x2  
  70  6:50  Extractor, Drone x3  
  70  6:53  Extractor  
  73  6:57  Drone x4  
  77  7:01  Drone  
  77  7:07  Hatchery  
  77  7:08  Infestation Pit  
  77  7:10  Drone x3, Evolution Chamber  
  77  7:11  Evolution Chamber  
  77  7:38  Zerg Melee Weapons Level 1, Zerg Ground Armor Level 1  
  77  7:40  Baneling Nest  
  76  7:47  Overlord  
  76  7:50  Pathogen Glands  
  76  7:51  Hive  
  76  7:52  Drone  
  76  7:53  Drone  
  78  8:04  Drone x7  
  85  8:07  Zergling x2  
  85  8:08  Zergling x16  
  94  8:14  Roach Warren, Zergling x6, Hatchery  
  94  8:18  Zergling x8  
  99  8:21  Zergling x2  
  99  8:26  Infestor x3  
  102  8:28  Extractor x2  
  102  8:30  Centrifical Hooks  
  104  8:34  Zergling x2  
  104  8:35  Zergling x2  
  104  8:39  Baneling x7  
  104  8:40  Baneling x2  
  106  8:55  Drone x4  
  110  8:56  Overlord  
  110  8:57  Overlord x2, Spore Crawler  
  110  8:58  Overlord x3  
  109  9:06  Baneling x4  
  109  9:07  Zergling x4  
  109  9:08  Ultralisk Cavern  
  110  9:12  Overlord  
  110  9:15  Roach x3  
  110  9:16  Roach x3  
  122  9:23  Zergling x6  
  122  9:24  Zergling x12  
  131  9:29  Overlord, Zergling x2  
  131  9:30  Zergling x6  
  135  9:32  Zergling x2  
  135  9:38  Zergling x12  
  136  9:40  Zerg Melee Weapons Level 2  
  136  9:41  Zerg Ground Armor Level 2  
  136  9:42  Baneling  
  136  9:43  Baneling x12  
  141  9:51  Zergling x2  
  141  9:52  Zergling x20  
  147  9:59  Chitinous Plating  
  147  10:00  Ultralisk x2  
  128  10:15  Ultralisk x2  
  138  10:32  Infestor x2  
  138  10:34  Ultralisk  
  138  10:35  Ultralisk  
  154  10:44  Drone  
  154  10:45  Drone x5  
  160  10:56  Spore Crawler  
  159  11:02  Infestor  
  159  11:04  Overlord  
  161  11:05  Ultralisk x2  
  173  11:12  Hatchery  
  172  11:24  Ultralisk x2  
  186  11:54  Ultralisk  
  186  11:55  Overlord  
  186  12:02  Spore Crawler  
  185  12:14  Overlord  
  183  12:19  Spire  
  180  12:23  Baneling x9  
  180  12:24  Zergling x20  
  180  12:25  Zergling x20  
  141  13:26  Hatchery  
  126  13:29  Ultralisk x5  
  126  13:34  Infestor x4  
  149  13:47  Hatchery  
  148  13:53  Zerg Melee Weapons Level 3  
  147  14:03  Corruptor  
  147  14:04  Corruptor x3  
  155  14:18  Drone x4  
  155  14:19  Drone  
  155  14:20  Drone x5  
  165  14:30  Overseer  
  163  14:42  Corruptor  
  163  14:43  Corruptor x2  
  166  14:54  Extractor  
  166  14:55  Extractor  
  162  15:10  Hatchery  
  162  15:13  Greater Spire  
  161  15:14  Viper x2  
  161  15:15  Viper  
  169  15:44  Drone  
  169  15:45  Drone x4  
  173  16:02  Spore Crawler  
  173  16:03  Spore Crawler  
  142  16:43  Spore Crawler  
  142  16:46  Corruptor x2  
  142  16:47  Corruptor x7  
  159  17:21  Brood Lord x4  
  159  17:22  Brood Lord  
  169  17:24  Brood Lord  
  169  17:25  Corruptor, Brood Lord  
  175  17:44  Infestor x3  
  175  17:45  Infestor  
  183  17:56  Corruptor x2  
  183  17:57  Corruptor  
  189  17:58  Corruptor  
  189  17:59  Corruptor  
Show
View Real Time Build Order
Export as new Build Order

Miszu Terran 

Build Orders: Reaper Expand, Hellion Banshee, MMM Bio 

Get SALT Encoding   

  12  0:00  SCV  
  13  0:12  SCV  
  14  0:17  Supply Depot  
  14  0:25  SCV  
  15  0:39  SCV  
  15  0:40  Barracks  
  16  0:44  Refinery  
  16  0:51  SCV  
  17  1:03  SCV  
  18  1:15  SCV  
  19  1:27  Reaper  
  19  1:30  Orbital Command  
  20  1:39  Command Center  
  20  1:51  Supply Depot  
  20  1:55  SCV  
  20  1:59  Marine  
  22  2:02  Refinery  
  22  2:07  SCV  
  23  2:14  Factory  
  23  2:20  SCV  
  24  2:23  Barracks Reactor  
  24  2:32  SCV  
  25  2:44  SCV  
  25  2:56  SCV  
  24  3:05  Starport  
  24  3:08  SCV  
  25  3:14  Hellion x2  
  25  3:18  Barracks Tech Lab, Command Center  
  29  3:20  SCV  
  30  3:32  SCV  
  31  3:39  Supply Depot  
  31  3:41  Supply Depot  
  31  3:50  Cloaking Field  
  31  4:00  Banshee  
  31  4:01  Hellion x2, SCV  
  39  4:13  SCV  
  39  4:14  Armory  
  40  4:20  Supply Depot  
  40  4:22  Hellion x2  
  44  4:25  SCV  
  45  4:37  SCV  
  46  4:39  Orbital Command  
  46  4:42  Barracks Tech Lab  
  46  4:44  Hellion x2  
  50  4:49  SCV  
  50  4:52  Banshee  
  54  5:00  Orbital Command  
  54  5:01  Stimpack, SCV  
  55  5:13  SCV  
  56  5:19  Factory Reactor  
  56  5:22  Barracks  
  56  5:24  Barracks  
  56  5:25  SCV x2  
  58  5:37  SCV  
  55  5:55  SCV x2  
  44  6:07  SCV x2  
  44  6:09  Command Center  
  44  6:11  Supply Depot  
  46  6:17  Starport Reactor  
  46  6:19  Refinery, SCV x2, Factory Reactor  
  46  6:20  Refinery  
  46  6:23  Engineering Bay  
  46  6:25  Engineering Bay  
  48  6:31  SCV  
  48  6:32  SCV  
  50  6:33  Marine  
  50  6:34  Marine x2  
  50  6:35  Supply Depot  
  53  6:43  SCV  
  53  6:44  SCV  
  55  6:51  Marine x2  
  55  6:52  Marine  
  58  6:55  Terran Infantry Weapons Level 1, Terran Infantry Armor Level 1  
  58  6:56  SCV x2  
  58  6:57  Medivac  
  62  7:05  Widow Mine x2  
  62  7:08  SCV  
  67  7:09  Marine x3  
  70  7:15  Marine  
  70  7:16  Marine  
  70  7:17  Combat Shields  
  72  7:23  SCV  
  72  7:24  SCV  
  72  7:25  Orbital Command  
  72  7:27  Marine x3  
  77  7:32  Engineering Bay x2  
  77  7:35  SCV  
  78  7:37  Barracks  
  78  7:40  SCV  
  78  7:43  Barracks, Widow Mine  
  81  7:48  SCV  
  82  7:52  Marine x2  
  82  7:53  Marine x2, SCV  
  82  7:54  Orbital Command  
  87  7:58  Missile Turret  
  87  8:00  SCV, Widow Mine  
  90  8:09  Marauder  
  90  8:10  Marine  
  90  8:12  Medivac  
  95  8:21  Supply Depot  
  95  8:22  Supply Depot, SCV x2  
  95  8:24  SCV  
  98  8:27  Barracks Reactor  
  98  8:30  Barracks Reactor  
  98  8:34  SCV  
  98  8:35  SCV  
  98  8:36  Bunker  
  98  8:39  Supply Depot  
  100  8:41  SCV  
  100  8:43  Medivac  
  100  8:44  Medivac  
  106  8:51  Supply Depot  
  106  8:53  Supply Depot  
  106  8:54  Supply Depot  
  105  9:01  Marauder, Widow Mine  
  111  9:09  Marine x3  
  112  9:12  Marine x2, Barracks  
  112  9:13  Barracks x2  
  112  9:15  Medivac  
  112  9:17  Marine x3  
  116  9:23  Marauder  
  121  9:27  Marine  
  121  9:30  Marine  
  123  9:35  Marine  
  123  9:36  Widow Mine x2  
  128  9:43  Marine, Medivac  
  128  9:44  Marauder  
  133  9:45  Medivac  
  133  9:55  Marine x7  
  140  10:01  Marine  
  140  10:05  Marauder, Widow Mine  
  140  10:06  Liberator  
  138  10:07  Liberator  
  138  10:12  Marine  
  138  10:13  Marine x3  
  114  10:15  Marine x6  
  114  10:16  Widow Mine  
  114  10:19  Marine  
  121  10:27  Marauder  
  121  10:30  Marine  
  121  10:31  Marine x2  
  121  10:33  Marine x3, Widow Mine  
  121  10:34  Marine  
  130  10:37  Refinery x2  
  130  10:45  Command Center  
  130  10:46  Terran Infantry Armor Level 2, Terran Infantry Weapons Level 2  
  130  10:58  Liberator  
  130  10:59  Liberator  
  130  11:00  Marauder  
  130  11:02  Marine x5  
  130  11:03  Barracks Tech Lab x3  
  137  11:06  Ghost Academy  
  143  11:36  Hellbat  
  145  11:41  Liberator  
  145  11:42  Liberator  
  145  11:43  Hellbat, Ghost x2  
  145  11:44  Ghost x2  
  160  12:01  Starport  
  160  12:12  Ghost x2  
  160  12:13  Ghost x2  
  168  12:30  Liberator  
  168  12:40  Ghost x2  
  171  12:48  Marauder  
  156  12:53  Marauder  
  129  13:09  Marauder  
  129  13:10  Marauder x2  
  117  13:14  Marauder  
  117  13:18  Orbital Command  
  101  13:28  Marine x2  
  101  13:29  Marine x2  
  101  13:31  Marauder x3  
  110  13:36  Marauder  
  112  13:45  SCV  
  112  13:51  SCV  
  112  13:52  Marauder x2  
  112  13:53  Marauder  
  119  13:56  SCV  
  119  13:57  Marauder, SCV  
  123  14:03  SCV  
  123  14:09  SCV  
  125  14:13  Marauder  
  125  14:14  Marauder  
  129  14:23  SCV x2  
  131  14:24  SCV  
  131  14:30  Liberator  
  132  14:44  SCV x2  
  132  14:46  Marauder  
  132  14:48  SCV  
  132  14:51  Ghost  
  138  14:54  Ghost  
  138  14:57  Planetary Fortress  
  128  15:10  Ghost  
  130  15:26  SCV x3  
  130  15:27  Sensor Tower  
  133  15:38  Refinery x2, SCV x2  
  133  15:39  SCV  
  136  15:48  Ghost x3  
  142  15:50  SCV x2  
  128  16:18  Ghost x2  
  115  16:24  Ghost  
  104  16:28  Liberator x2  
  99  16:36  SCV x3  
  106  16:48  SCV  
  106  16:50  Ghost  
  110  16:55  SCV  
  110  17:00  SCV  
  101  17:09  Ghost  
  101  17:12  Orbital Command  
  101  17:13  Liberator  
  101  17:14  Ghost  
  105  17:16  SCV  
  106  17:23  SCV  
  106  17:28  SCV  
  112  17:38  SCV  
  112  17:40  Ghost  
  112  17:43  Ghost  
  116  17:56  Ghost x2  
  120  18:09  Ghost  
Tags
 
Add a new tag
Caveats
  • Supply blocks, unpowered buildings, or Contaminate may cause inaccurate times.
  • Supply counts are checked every 10 seconds.